 Dungeon Crawl Stone Soup version 0.30.0-5-g1a98f26d00 (webtiles) character file.

Game seed: 12983380708420416506

71502 bmack86 the Severer (level 14, -9/129 HPs)
             Began as a Minotaur Fighter on May 9, 2023.
             Was a High Priest of Okawaru.
             Killed by divine providence
             ... invoked by Saint Roka
              (12 damage)
             ... in the Arena.
             The game lasted 01:00:23 (22746 turns).

bmack86 the Severer (Minotaur Fighter)             Turns: 22746, Time: 01:00:24

Health: -9/129     AC: 39    Str: 28    XL:     14   Next: 98%
Magic:  9/20       EV:  9    Int:  5    God:    Okawaru [*****.]
Gold:   3696       SH: 20    Dex: 18    Spells: 13/13 levels left

rFire   . . .        m - +7 war axe of the Enchanting Goat {flame, *Slow rCorr Dex+7}
rCold   . . .        G - +0 kite shield
rNeg    . . .        E - +9 crystal plate armour of Patterns {+Blink Str+3 Dex+2}
rPois   .            i - +2 hat
rElec   .            K - +2 cloak {rCorr}
rCorr   +            Q - +2 pair of gloves {Stlth+}
SInv    +            (no boots)
Will    ++...        x - amulet of reflection Stlth
                     y - ring of see invisible
HPRegen 0.41/turn    b - +4 ring of slaying
MPRegen 0.17/turn

%: slow self (1%), reflection
@: heroic, duelling
A: horns 2, retaliatory headbutt, iridescent scales 1, deformed body,
strong-willed 1, weak 1
a: Renounce Religion, Evoke Blink, Heroism, Finesse, Duel


You were in the Arena.
You worshipped Okawaru.
Okawaru was extremely pleased with you.
You visited 4 branches of the dungeon, and saw 22 of its levels.
You also visited: Bailey.

You collected 4377 gold pieces.
You spent 681 gold pieces at shops.

Inventory:

Hand Weapons
 a - a +3 war axe of flaming
 m - the +7 war axe of the Enchanting Goat (weapon) {flame, *Slow rCorr Dex+7}
   (You found it on level 12 of the Dungeon)

   Dex:       It affects your dexterity (+7).
   rCorr:     It protects you from acid and corrosion.
   *Slow:     It may slow you when you take damage.
 M - a +1 broad axe of protection
Missiles
 f - 18 boomerangs (quivered)
 p - 38 poisoned darts
 r - 6 curare-tipped darts
 w - a silver javelin
 z - 3 throwing nets
 I - 2 javelins
Armour
 i - a +2 hat (worn)
 t - a +4 plate armour of cold resistance
 E - the +9 crystal plate armour of Patterns (worn) {+Blink Str+3 Dex+2}
   (Okawaru gifted it to you on level 2 of the Lair of Beasts)

   Str:       It affects your strength (+3).
   Dex:       It affects your dexterity (+2).
   +Blink:    It lets you blink.
 G - a +0 kite shield (worn)
 K - a +2 cloak of preservation (worn)
 Q - a +2 pair of gloves of stealth (worn)
Jewellery
 b - a +4 ring of slaying (right hand)
 e - an amulet of guardian spirit
 k - a ring of willpower
 o - the ring of Zin's Fury {rF+ Int+2 Dex+3}
   (You took it off an efreet on level 13 of the Dungeon)

   [ring of protection from fire]

   Int:       It affects your intelligence (+2).
   Dex:       It affects your dexterity (+3).
   rF:        It protects you from fire.
 q - a ring of fire
 v - a ring of wizardry
 x - an amulet of reflection (around neck)
 y - a ring of see invisible (left hand)
 B - an amulet of regeneration
 D - a ring of flight
 L - a ring of positive energy
Wands
 u - a wand of mindburst (9)
 J - a wand of paralysis (12)
 O - a wand of roots (6)
 P - a wand of flame (6)
Scrolls
 l - 9 scrolls of teleportation
 s - 5 scrolls of fog
 A - 4 scrolls of magic mapping
 C - 2 scrolls of identify
 H - 4 scrolls of amnesia
Potions
 c - 2 potions of magic
 d - 5 potions of might
 g - 7 potions of cancellation
 h - 6 potions of curing
 j - 5 potions of flight
 F - 2 potions of resistance
 N - a potion of ambrosia


   Skills:
 + Level 13.0(18.0) Fighting
 * Level 17.6(22.6) Axes
 - Level 10.0(15.0) Throwing
 + Level 13.2(18.2) Armour
 + Level 13.2(18.2) Shields
 + Level 9.3 Invocations


You had 13 spell levels left.
You didn't know any spells.
Your spell library contained the following spells:

 Spells                   Type           Power      Damage    Failure   Level
 Sting                    Tmut/Pois      0%         1d3       100%        1
 Blink                    Tloc           0%         N/A       100%        2
 Lesser Beckoning         Tloc           0%         N/A       100%        2
 Momentum Strike          Conj/Tloc      0%         3d8       100%        2
 Poisonous Vapours        Pois/Air       0%         N/A       100%        2
 Olgreb's Toxic Radiance  Pois           0%         N/A       100%        4
 Borgnjor's Revivificati  Necr           0%         N/A       100%        8
 Necromutation            Tmut/Necr      0%         N/A       100%        8
 Death's Door             Necr           0%         N/A       100%        9


Dungeon Overview and Level Annotations

Branches:
Dungeon (14/15)            Temple (1/1) D:7            Lair (5/5) D:10
  Swamp (0/4) Lair:2        Snake (0/4) Lair:2        Slime (0/5) Lair:5
    Orc (2/2) D:11            Elf (0/3) Orc:2        Bailey (visited)
 Vaults: D:13-14

Altars:
Ashenzari
Cheibriados
Dithmenos
Elyvilon
Fedhas
Gozag
Hepliaklqana
Kikubaaqudgha
Makhleb
Nemelex Xobeh
Okawaru
Qazlal
Ru
Sif Muna
Trog
Uskayaw
Vehumet
Wu Jian
Xom
Yredelemnul
Zin
The Shining One
Jiyva

Shops:
D:3 (   D:6 *   D:11 *   Orc:2 :(([

Annotations:
D:3 2 transporters
D:10 3 runed translucent doors, BillyBaka's ghost, novice MiFi
Orc:1 1 runed translucent door, pdpol's ghost, journeyman MiFi Arena Saint Roka


Innate Abilities, Weirdness & Mutations

You have a pair of horns on your head.
You reflexively headbutt those who attack you in melee.
You are partially covered in iridescent scales. (AC +2)
Armour fits poorly on your strangely shaped body.
You are strong-willed. (Will+)
You are weak. (Str -2)


Message History

Saint Roka is almost dead.
You barely miss Saint Roka.
Saint Roka is almost dead.
Saint Roka invokes the aid of Beogh against you.
Beogh smites you!
* * * LOW HITPOINT WARNING * * *
You hit Saint Roka. Your headbutt misses Saint Roka.
Saint Roka is almost dead.
Your hands slow down.
You block Saint Roka's attack. Saint Roka hits you with a +3 war axe.
* * * LOW HITPOINT WARNING * * *
You closely miss Saint Roka.
You headbutt Saint Roka, but do no damage.
Saint Roka is almost dead.
Saint Roka calls down the wrath of Beogh upon you.
Beogh smites you!
* * * LOW HITPOINT WARNING * * *
You barely miss Saint Roka.
Saint Roka is almost dead.
Saint Roka hits you but does no damage.
You slash Saint Roka! You burn Saint Roka.
Saint Roka is almost dead.
Saint Roka hits you but does no damage. Saint Roka hits you with a +3 war axe.
* * * LOW HITPOINT WARNING * * *
Okay, then.
You gain the combat prowess of a mighty hero.
Saint Roka mumbles some strange prayers to Beogh against you.
Beogh smites you!
* * * LOW HITPOINT WARNING * * *
Unknown command.
You hit Saint Roka but do no damage.
Saint Roka is almost dead.
You feel yourself speed up. You block Saint Roka's attack.
You slash Saint Roka! You burn Saint Roka.
Saint Roka is almost dead.
Saint Roka calls down the wrath of Beogh upon you.
Beogh smites you!
You die...
Okawaru crowns Saint Roka victorious!

###########
##..p▓p▓p..##
##▓▓▓▓▓▓▓▓▓▓▓##
#.▓.........▓.#
#.▓.#.....#.▓.#
#p▓.........▓p#
#▓▓.........▓▓#
#p▓....∩@...▓∩#
#▓▓.....o...▓▓#
#p▓.........▓p#
#.▓.#.....#.▓.#
#.▓.........▓.#
##▓▓▓▓▓▓▓▓▓▓▓##
##..p▓p▓p..##
###########


You could see Saint Roka.

Vanquished Creatures
  Rupert (Lair:4)
  Gastronok (D:9)
  The ghost of slitherrr the Protected, a journeyman AtWr of Wu Jian (Lair:3)
  Josephine (D:14)
  3 hydras
  The ghost of Arex the Fighter, a journeyman DsFi of Hepliaklqana (Lair:1)
  A catoblepas (Lair:5)
  4 centaur warriors
  3 boulder beetles
  2 tengu warriors (D:14)
  An orc high priest (Orc:2)
  5 death yaks (Lair:4)
  A two-headed ogre (D:13)
  A skeletal warrior (D:14)
  2 skysharks
  A glowing orange brain (Lair:3)
  A mana viper (shapeshifter) (D:13)
  A deep elf zephyrmancer (D:14)
  3 manticores
  4 ugly things (D:13)
  3 orc sorcerers (Orc:2)
  Joseph (D:10)
  12 elephants
  Maurice (D:13)
  A black mamba (Lair:5)
  10 slime creatures
  A cane toad (shapeshifter) (D:11)
  14 cane toads
  A gargoyle (D:11)
  A torpor snail (Lair:5)
  2 unseen horrors
  4 rime drakes
  10 komodo dragons
  A centaur skeleton (D:14)
  An efreet (D:13)
  A yaktaur (D:14)
  4 polar bears (Lair:5)
  3 meliai (D:14)
  6 trolls
  6 hornets (Lair:5)
  2 tyrant leeches (Lair:2)
  A harpy skeleton (D:14)
  5 blink frogs
  4 dream sheep (Lair:5)
  2 vampires
  3 basilisks
  6 wraiths
  The ghost of Taurus the Chopper, an amateur MiFi of the Shining One (D:5)
  12 spriggans (Lair:5)
  7 wyverns
  33 yaks
  2 steam dragons
  6 vampire mosquitoes
  2 nagas (Lair:2)
  A naga (shapeshifter) (D:13)
  6 wargs
  11 water moccasins
  2 acid dragons
  24 orc warriors
  9 ice beasts
  2 sky beasts
  5 black bears
  5 ogres
  23 wolves
  7 centaurs
  4 boggarts (Lair:5)
  3 phantoms
  8 bullfrogs
  6 kobold brigands
  8 gnoll sergeants (Bailey)
  5 scorpions
  17 wights
  A hornet simulacrum (D:14)
  20 killer bees
  3 howler monkeys
  3 electric eels (D:8)
  5 hounds
  Crazy Yiuf (D:2)
  18 orc priests
  5 jellies
  3 sleepcaps
  7 gnoll boudas
  6 iguanas
  18 orc wizards
  A boggart skeleton (D:14)
  7 adders
  13 gnolls
  A shadow imp (D:7)
  A white imp (D:7)
  2 ufetubi
  2 worms
  2 dart slugs (D:1)
  70 orcs
  9 bats
  10 endoplasms
  6 giant cockroaches
  9 goblins
  13 hobgoblins
  4 jackals (D:4)
  4 quokkas
  2 ball pythons
  4 frilled lizards
  25 kobolds
  9 rats
637 creatures vanquished.

Vanquished Creatures (others)
  A mana viper (shapeshifter) (D:13)
  A boggart (D:14)
2 creatures vanquished.

Grand Total: 639 creatures vanquished

Notes
Turn   | Place    | Note
-------+----------+-------------------------------------------
     0 | D:1      | bmack86 the Minotaur Fighter began the quest for the Orb.
     0 | D:1      | Reached XP level 1. HP: 19/19 MP: 0/0
    87 | D:1      | Reached XP level 2. HP: 16/27 MP: 1/1
   156 | D:1      | Reached skill level 3 in Axes
   487 | D:1      | Reached XP level 3. HP: 33/33 MP: 2/2
   860 | D:2      | Found a radiant altar of Vehumet.
   911 | D:2      | Found a runed translucent door.
   912 | D:2      | Noticed Crazy Yiuf
   921 | D:2      | Killed Crazy Yiuf
   922 | D:2      | Reached XP level 4. HP: 19/40 MP: 3/3
  1081 | D:2      | Reached skill level 4 in Axes
  1613 | D:3      | Found a transporter.
  1618 | D:3      | Reached XP level 5. HP: 36/47 MP: 4/4
  1622 | D:3      | Found a transporter.
  2029 | D:3      | Found Zefoxone's Antique Weapon Shoppe.
  2443 | D:4      | Reached skill level 5 in Axes
  2444 | D:4      | Reached skill level 1 in Throwing
  2444 | D:4      | Reached XP level 6. HP: 20/55 MP: 5/5
  2445 | D:4      | Reached skill level 5 in Armour
  2445 | D:4      | Reached skill level 5 in Shields
  2446 | D:4      | Reached skill level 5 in Fighting
  2615 | D:4      | Reached XP level 7. HP: 58/61 MP: 6/6
  2642 | D:4      | Reached skill level 6 in Axes
  3751 | D:5      | Entered Level 5 of the Dungeon
  3863 | D:5      | Reached skill level 7 in Axes
  3863 | D:5      | Reached XP level 8. HP: 64/70 MP: 7/7
  4068 | D:5      | Found a large runed translucent door.
  4068 | D:5      | Found a large runed translucent door.
  4069 | D:5      | Noticed Taurus's ghost (amateur MiFi)
  4090 | D:5      | Killed Taurus's ghost
  4423 | D:5      | Found a hazy altar of Hepliaklqana.
  4487 | D:5      | Found a shimmering blue altar of Sif Muna.
  4493 | D:5      | Found an ornate altar of the Wu Jian Council.
  4494 | D:5      | Found a white marble altar of Elyvilon.
  4495 | D:5      | Found a radiant altar of Vehumet.
  4495 | D:5      | Found a snail-covered altar of Cheibriados.
  4495 | D:5      | Found a sparkling altar of Nemelex Xobeh.
  4495 | D:5      | Found a blossoming altar of Fedhas.
  4496 | D:5      | Found a glowing golden altar of the Shining One.
  4498 | D:5      | Found a bloodstained altar of Trog.
  4500 | D:5      | Found a stormy altar of Qazlal.
  4884 | D:6      | Found a shadowy altar of Dithmenos.
  5036 | D:6      | Reached skill level 8 in Axes
  5845 | D:6      | Reached XP level 9. HP: 78/78 MP: 8/8
  5860 | D:6      | Found Zeilauth's General Store.
  5885 | D:6      | Bought a scroll of enchant armour for 97 gold pieces
  5885 | D:6      | Bought a potion of haste for 130 gold pieces
  6177 | D:7      | Found a broken altar of Ashenzari.
  6191 | D:7      | Reached skill level 9 in Axes
  6636 | D:7      | Found a staircase to the Ecumenical Temple.
  6645 | Temple   | Entered the Ecumenical Temple
  6707 | Temple   | Became a worshipper of Warmaster Okawaru
  7150 | D:8      | Reached skill level 1 in Invocations
  7258 | D:8      | Reached * piety under Okawaru
  7296 | D:8      | Found a flagged portal.
  7386 | Bailey   | Entered a bailey
  7397 | Bailey   | Reached skill level 10 in Axes
  7472 | Bailey   | Reached skill level 5 in Throwing
  7668 | Bailey   | Reached XP level 10. HP: 26/88 MP: 10/10
  8535 | D:8      | Reached ** piety under Okawaru
 10054 | D:9      | Reached skill level 11 in Axes
 10591 | D:9      | Noticed Gastronok
 10610 | D:9      | Killed Gastronok
 10973 | D:6      | Bought a scroll of brand weapon for 123 gold pieces
 10973 | D:6      | Bought a scroll of vulnerability for 52 gold pieces
 11238 | D:10     | Entered Level 10 of the Dungeon
 11323 | D:10     | Noticed Joseph
 11337 | D:10     | Reached XP level 11. HP: 89/95 MP: 10/13
 11342 | D:10     | Reached *** piety under Okawaru
 11354 | D:10     | Killed Joseph
 11355 | D:10     | Reached skill level 12 in Axes
 11376 | D:10     | Found a staircase to the Lair.
 11517 | D:10     | Reached **** piety under Okawaru
 11843 | D:10     | Found a runed translucent gate.
 11843 | D:10     | Noticed BillyBaka's ghost (novice MiFi)
 11844 | D:10     | Found a runed translucent gate.
 11845 | D:10     | Found a runed translucent gate.
 12255 | D:11     | Received a gift from Okawaru
 12260 | D:11     | Reached ***** piety under Okawaru
 12269 | D:11     | Reached skill level 5 in Invocations
 12281 | D:11     | Received a gift from Okawaru
 12289 | D:11     | Reached skill level 13 in Axes
 12418 | D:11     | Found Yllof's Neck Hole.
 12422 | D:11     | Identified the +3 robe of the Invisible Hand {Str+3}
 12428 | D:11     | Bought a +2 cloak of preservation for 279 gold pieces
 12522 | D:11     | Found a staircase to the Orcish Mines.
 12705 | D:12     | Received a gift from Okawaru
 12706 | D:12     | Reached skill level 10 in Shields
 12825 | D:12     | Identified the +7 war axe of the Enchanting Goat {flame,
                  | *Slow rCorr Dex+7}
 12890 | D:12     | Reached skill level 10 in Armour
 12991 | D:12     | Identified the +2 mace of Zebb {vamp, rC+}
 13097 | D:12     | Reached skill level 10 in Fighting
 13102 | D:12     | Reached XP level 12. HP: 34/106 MP: 15/15
 13102 | D:12     | Received a gift from Okawaru
 13498 | D:13     | Identified the ring of Zin's Fury {rF+ Int+2 Dex+3}
 13546 | D:13     | Noticed an eight-headed hydra
 13553 | D:13     | Killed a four-headed hydra
 13567 | D:13     | Paralysed by a hornet for 2 turns
 13576 | D:13     | Noticed a boulder beetle
 13576 | D:13     | Noticed a boulder beetle
 13587 | D:13     | Identified the +9 long sword of the Piercing Gods {venom,
                  | rPois rCorr} (Okawaru gifted it to you on level 13 of the
                  | Dungeon)
 13587 | D:13     | Received a gift from Okawaru
 13588 | D:13     | Noticed a centaur warrior
 13643 | D:13     | HP: 4/107 [vampire/vampiric draining (4)]
 13646 | D:13     | Killed a centaur warrior
 13743 | D:13     | Noticed Maurice
 13744 | D:13     | Noticed a two-headed ogre
 13751 | D:13     | Killed Maurice
 13755 | D:13     | Killed a two-headed ogre
 13776 | D:13     | Reached skill level 14 in Axes
 13899 | D:13     | Killed a boulder beetle
 13990 | D:13     | Gained mutation: You are partially covered in iridescent
                  | scales. (AC +2) [potion of mutation]
 13990 | D:13     | Gained mutation: You are weak. (Str -2) [potion of
                  | mutation]
 13990 | D:13     | Gained mutation: Armour fits poorly on your strangely
                  | shaped body. [potion of mutation]
 13990 | D:13     | Gained mutation: You are strong-willed. (Will+) [potion of
                  | mutation]
 14110 | D:13     | Killed a boulder beetle
 14438 | D:14     | Noticed a centaur warrior
 14438 | D:14     | Noticed a boulder beetle
 14454 | D:13     | Killed a centaur warrior
 14454 | D:13     | Received a gift from Okawaru
 14511 | D:14     | Killed a boulder beetle
 14523 | D:14     | Reached XP level 13. HP: 21/116 MP: 17/17
 14782 | D:14     | Noticed Josephine
 14925 | D:14     | Killed Josephine
 15037 | D:14     | Reached skill level 15 in Axes
 15044 | D:14     | Received a gift from Okawaru
 15387 | Lair:1   | Entered Level 1 of the Lair of Beasts
 15395 | Lair:1   | Noticed Arex's ghost (journeyman DsFi)
 15479 | Lair:1   | Found a runed translucent gate.
 15479 | Lair:1   | Found a runed translucent gate.
 15479 | Lair:1   | Found a runed translucent gate.
 15504 | Lair:1   | Killed Arex's ghost
 16719 | Lair:2   | Identified the +9 crystal plate armour of Patterns {+Blink
                  | Str+3 Dex+2} (Okawaru gifted it to you on level 2 of the
                  | Lair of Beasts)
 16719 | Lair:2   | Received a gift from Okawaru
 16740 | Lair:2   | Found a staircase to the Snake Pit.
 16924 | Lair:2   | Found a staircase to the Swamp.
 17473 | Lair:3   | Found a runed translucent gate.
 17474 | Lair:3   | Found a runed translucent gate.
 17475 | Lair:3   | Found a runed translucent gate.
 17478 | Lair:3   | Found a viscous altar of Jiyva.
 17478 | Lair:3   | Noticed slitherrr's ghost (journeyman AtWr)
 17514 | Lair:3   | Killed slitherrr's ghost
 17759 | Lair:3   | Reached skill level 16 in Axes
 18190 | Lair:4   | Reached XP level 14. HP: 122/126 MP: 19/19
 18438 | Lair:4   | Identified a scroll of acquirement
 18439 | Lair:4   | Acquired 1065 gold pieces
 18860 | Lair:4   | Noticed Rupert
 18867 | Lair:4   | Killed Rupert
 18867 | Lair:4   | Received a gift from Okawaru
 19177 | Lair:5   | Entered Level 5 of the Lair of Beasts
 19849 | Lair:5   | Reached skill level 17 in Axes
 19950 | Lair:5   | Reached skill level 10 in Throwing
 20064 | Lair:5   | Found a runed translucent door.
 20065 | Lair:5   | Found a staircase to the Slime Pits.
 20848 | Orc:1    | Entered Level 1 of the Orcish Mines
 20988 | Orc:1    | Received a gift from Okawaru
 20988 | Orc:1    | Reached ****** piety under Okawaru
 21054 | Orc:2    | Entered Level 2 of the Orcish Mines
 21443 | Orc:2    | Found Lakhaic's Weapon Boutique.
 21773 | Orc:2    | Found Dulobis's Book Shop.
 21826 | Orc:2    | Found a staircase to the Elven Halls.
 21924 | Orc:1    | Found a runed translucent door.
 21924 | Orc:1    | Found a shimmering altar of Xom.
 21924 | Orc:1    | Noticed pdpol's ghost (journeyman MiFi)
 22332 | Orc:2    | Noticed Saint Roka
 22349 | Orc:2    | Received a gift from Okawaru
 22350 | Orc:2    | Found Qysoelu's Antique Weapon Shop.
 22356 | Orc:2    | Found Hamisek's Antique Armour Boutique.
 22362 | Orc:2    | HP: 2/129 [Saint Roka/divine providence (11)]
 22716 | Arena    | Entered the Arena
 22744 | Arena    | HP: 2/129 [Saint Roka/divine providence (9)]
 22746 | Arena    | Killed from afar by Saint Roka

Illustrated notes

Levels and vault maps discovered:
D:1:      elethiomel_arrival_shortcut, layout_loops_ring, serial_park_tiny_1
D:2:      layout_basic, basic_altar, uniq_crazy_yiuf_cottage
D:3:      gammafunk_wand_slinger, layout_basic, serial_shops,
          nicolae_shop_window_shopping
D:4:      cheibrodos_thug_alley, layout_loops_corners
D:5:      layout_loops_ring, general_overflow_altar, minitemple,
          ebering_ghost_disaster_area
D:6:      layout_layer_cave, nicolae_overflow_crystal_walls, serial_shops,
          shop_coins
D:7:      layout_loops_cross, mainiacjoe_overflow_surrounded_room,
          minmay_temple_entry_trees, grunt_ministairs_1, kennysheep_potato
D:8:      layout_basic, enter_bailey_4, minivault_14
D:9:      layout_roguey, uniq_gastronok
D:10:     layout_gridville, hellmonk_lair_entry_icy, biasface_ghost_orc_armoury,
          eino_small_chamber_without_monster, uniq_joseph
D:11:     layout_cave_pools, minmay_orc_entry_guard_dogs,
          nicolae_shop_sticking_my_neck_out
D:12:     layout_roguey, nicolae_figureground_sparkle
D:13:     minmay_general_purpose_star, layout_small_grid, uniq_maurice
D:14:     layout_basic, hangedman_vaults_entry_quadrant_bands,
          small_statue_intersection, brannock_xom_greatest_gift, uniq_josephine
Temple:   nicolae_temple_bog_church
Lair:1:   layout_small_grid, gammafunk_ghost_split,
          chequers_serial_rivers_micro_a, grunt_megastairs_1
Lair:2:   layout_misc_corridors, minmay_swamp_entry_worms,
          guppyfry_snake_entry_garden
Lair:3:   layout_loops_ring, gammafunk_ghost_ooze, serial_bayou_pond_e,
          serial_bayou_shore_b, lemuel_fruit_tree, grunt_megastairs_2
Lair:4:   layout_cave_pods, lemuel_fruit_fields, uniq_rupert
Lair:5:   minmay_lair_end_enchanted_forest, layout_regular_city, slime_entry_2
Orc:1:    layout_diamond_mine, ebering_ghost_xom
Orc:2:    grunt_orc_community_town_hall, layout_caves,
          grunt_orc_community_big_house_2, grunt_orc_community_big_house_1,
          grunt_orc_community_house_2, grunt_orc_community_house_1,
          grunt_orc_community_house_2, grunt_orc_community_house_1,
          grunt_orc_community_house_2, grunt_orc_community_house_3
Arena

Skill      XL: |  1  2  3  4  5  6  7  8  9 10 11 12 13 14 |
---------------+-------------------------------------------+-----
Axes           | 3 4 5 7 8 10 11 13 14 16 17 | 17.6
Fighting       | 4 5 6 7 8 10 11 12 13 | 13.0
Armour         | 4 5 6 7 9 10 11 12 13 | 13.2
Shields        | 4 5 6 7 9 10 11 12 13 | 13.2
Throwing       | 1 2 4 5 6 7 8 9 10 | 10.0
Invocations    | 2 4 5 6 8 9 |  9.3

Action                     |  1- 3 |  4- 6 |  7- 9 | 10-12 | 13-15 || total
---------------------------+-------+-------+-------+-------+-------++-------
  Melee: War axe           |    66 |    87 |   235 |   452 |   582 ||  1422
         Headbutt          |    10 |     9 |    40 |    88 |   159 ||   306
         Punch             |       |       |       |     8 |     1 ||     9
  Throw: Dart              |       |       |     4 |     6 |       ||    10
         Boomerang         |       |       |       |    22 |    16 ||    38
 Invoke: Heroism           |       |       |     3 |     6 |     4 ||    13
         Finesse           |       |       |       |     2 |     4 ||     6
         Duel              |       |       |       |       |     1 ||     1
    Use: Scroll            |     3 |     4 |    10 |    11 |    10 ||    38
         Potion            |       |     1 |     2 |     5 |     3 ||    11
 Armour: Chain mail        |    54 |    54 |   101 |       |       ||   209
         Plate armour      |       |       |    76 |   374 |    91 ||   541
         Crystal plate arm |       |       |       |       |   211 ||   211
  Dodge: Dodged            |    33 |    32 |   129 |   210 |    83 ||   487
  Block: Buckler           |    17 |    28 |    70 |    35 |       ||   150
         Other             |       |       |       |    14 |     7 ||    21
         Kite shield       |       |       |       |       |   475 ||   475
         Reflection        |       |       |       |       |    18 ||    18
